 Dungeon Crawl Stone Soup version 0.24-a0-269-g32ec7ca (webtiles) character file.

Game seed: 16923293178533570762

23 MatthieuS the Magician (level 2, -1/15 HPs)
             Began as a Deep Elf Air Elementalist on Apr 21, 2019.
             Slain by an adder (4 damage)
             ... on level 1 of the Dungeon.
             The game lasted 00:01:45 (864 turns).

MatthieuS the Magician (Deep Elf Air Elementalist)   Turns: 864, Time: 00:01:45

Health: -1/15      AC:  2    Str:  5    XL:     2   Next: 72%
Magic:  3/8        EV: 13    Int: 19    God:
Gold:   68         SH:  0    Dex: 15    Spells: 6/7 levels left

rFire    . . .     SeeInvis .   (no weapon)
rCold    . . .     Gourm    .   (no shield)
rNeg     . . .     Faith    .   a - +0 robe
rPois    .         Spirit   .   (no helmet)
rElec    .         Reflect  .   (no cloak)
rCorr    .         Harm     .   (no gloves)
MR       .....                  (no boots)
Stlth    ++........             (no amulet)
HPRegen  0.05/turn              (no ring)
MPRegen  0.11/turn              (no ring)

@: very slightly contaminated
A: no striking features
a: no special abilities


You were on level 1 of the Dungeon.
You were not hungry.

You visited 1 branch of the dungeon, and saw 2 of its levels.

You collected 68 gold pieces.

Inventory:

Armour
 a - a +0 robe (worn)
Potions
 c - 3 potions of lignification {unknown}
Comestibles
 b - 3 chunks of flesh
 e - 2 rations


   Skills:
 - Level 2.4 Dodging
 + Level 3.0 Stealth
 + Level 3.4 Spellcasting
 + Level 1.7 Conjurations
 + Level 3.2 Air Magic


You had 6 spell levels left.
You knew the following spells:

 Your Spells              Type           Power        Failure   Level  Hunger
a - Shock                 Conj/Air       ##..         5%          1    None

Your spell library contained the following spells:

 Spells                   Type           Power        Failure   Level  Hunger
 Swiftness                Chrm/Air       #.......     11%         2    ##.....
 Static Discharge         Conj/Air       ##......     16%         3    ###....
 Airstrike                Air            ###.......   36%         4    ####...
 Lightning Bolt           Conj/Air       ##........   82%         5    ######.


Dungeon Overview and Level Annotations

Branches:
Dungeon (2/15)

Altars:


Message History

You kill the jackal!
Your Stealth skill increases to level 3!
Aim: a jackal The zap hits the jackal.
The jackal misses you. The jackal bites you.
You barely miss the jackal. The jackal bites you.
You closely miss the jackal. The jackal closely misses you.
You hit the jackal but do no damage. The jackal closely misses you. x2
You hit the jackal but do no damage. The jackal misses you.
Aim: a jackal (almost dead)
The zap hits the jackal.
You kill the jackal!
You see here a jackal corpse.
You butcher the jackal corpse.
b - 6 chunks of flesh (gained 3)
You see here a jackal skeleton.
You start resting.
Some of the chunks of flesh in your inventory have rotted away.
You start resting.
Some of the chunks of flesh in your inventory have rotted away.
You see here a jackal skeleton.
Found 12 gold pieces.
You now have 68 gold pieces (gained 12).
You see here a jackal skeleton.
Done exploring.
Done exploring.
There is a stone staircase leading down here.
You climb downwards. 2 adders come into view.
There is a stone staircase leading up here.
That beam is likely to hit you.
Continue anyway?
The zap hits the adder. x2; The zap misses you.
The adder bites you. That beam is likely to hit you.
Continue anyway?
The zap misses the adder. x2; The zap hits you.
The adder bites you.
* * * LOW HITPOINT WARNING * * *
That beam is likely to hit you.
Continue anyway?
The zap misses the adder.
The zap hits the adder.
The zap misses you. The adder closely misses you.
That beam is likely to hit you.
Continue anyway?
You miscast Shock.
You are very lightly contaminated with residual magic.
Nothing appears to happen.
The adder bites you.
* * * LOW HITPOINT WARNING * * *
The adder barely misses you. The adder completely misses you.
You climb upwards.
There is a stone staircase leading down here.
You don't know that spell.
Aim: an adder (severely wounded)
The zap hits the adder.
The adder bites you.
You die...

...#
#.#.##.#########
...#
#...##.........#
...#
##..#########.##
...# #............#
#### #...#######.###
# #...#####.....# #
##.(...######.#
#.###.#......#
####@....#.######
####..S..####.#
#.............#
#######
#.##.....######
......####.##.....#
......##....#.....#
......รท.....#.....#
......##....#.....#
+#...###....#.....#


You could see an adder.

Vanquished Creatures
  4 bats (D:1)
  3 goblins (D:1)
  4 hobgoblins (D:1)
  4 jackals (D:1)
  A frilled lizard (D:1)
  2 kobolds (D:1)
  3 rats (D:1)
21 creatures vanquished.

Notes
Turn   | Place    | Note
-------+----------+-------------------------------------------
     0 | D:1      | MatthieuS the Deep Elf Air Elementalist began the quest for
                  | the Orb.
     0 | D:1      | Reached XP level 1. HP: 10/10 MP: 6/6
   252 | D:1      | Reached XP level 2. HP: 15/15 MP: 6/8
   864 | D:1      | Slain by an adder

Levels and vault maps discovered:
D:1:      eino_arrival_cavern_d, layout_basic
D:2:      layout_basic, nicolae_gozag_seed_capital, overflow_temple_1_default

Skill      XL: |  1  2 |
---------------+-------+-----
Stealth        | 3 |  3.0
Dodging        | |  2.4
Spellcasting   | |  3.4
Conjurations   | |  1.7
Air Magic      | |  3.2

Action                   || total
-------------------------++-------
Melee: Unarmed           ||    15
 Cast: Shock             ||    46
Armor: Robe              ||     6
Dodge: Dodged            ||    30

Table legend:
 A = Non-vault XP
 B = Vault XP
 C = Vault XP percentage of total XP
 D = Non-vault monster count
 E = Vault monster count
 F = Vault count percentage of total count
                 A         B        C        D         E       F
            +---------+---------+-------+---------+---------+-------
      Total |      33 |       0 |   0.0 |      21 |       0 |   0.0
            +---------+---------+-------+---------+---------+-------
        D:1 |      33 |       0 |   0.0 |      21 |       0 |   0.0
            +---------+---------+-------+---------+---------+-------
